 Dungeon Crawl Stone Soup version 0.29-a0-822-ga620ab95ad (webtiles) character file.

Game seed: 5389208487719912193

12 Garessta the Caller (level 2, -3/11 HPs)
             Began as a Felid Summoner on July 8, 2022.
             Constricted to death by Sigmund (5 damage)
             ... on level 2 of the Dungeon.
             The game lasted 00:01:54 (558 turns).

Garessta the Caller (Felid Summoner)                 Turns: 558, Time: 00:01:54

Health: -3/11      AC:  1    Str:  4    XL:     2   Next: 20%
Magic:  5/6        EV: 14    Int: 16    God:
Gold:   25         SH:  0    Dex: 16    Spells: 2/5 levels left
                                        Lives:  0   Deaths: 0

rFire   . . .      SeeInvis +   (weapon unavailable)
rCold   . . .      Faith    .   (shield unavailable)
rNeg    . . .      Spirit   .   (body armour unavailable)
rPois   .          Reflect  .   (helmet unavailable)
rElec   .          Harm     .   (cloak unavailable)
rCorr   .          Rampage  .   (gloves unavailable)
Will    .....                   (boots unavailable)
Stlth   ++........              (no amulet)
HPRegen 0.03/turn               (no ring)
MPRegen 0.10/turn               (no ring)

@: grasped by roots, constricted, quick
A: very small, claws 1, fangs 3, see invisible, speed 1, shaggy fur 1, stealthy
paws, no weapons or thrown items, no armour, multi-lived
a: no special abilities


You were on level 2 of the Dungeon.
You visited 1 branch of the dungeon, and saw 2 of its levels.

You collected 25 gold pieces.

Inventory:

Scrolls
 b - a scroll of immolation {unknown}
Potions
 a - a potion of magic


   Skills:
 - Level 2.6 Dodging
 - Level 2.6 Stealth
 + Level 2.4 Spellcasting
 + Level 4.3 Summonings


You had 2 spell levels left.
You knew the following spells:

 Your Spells              Type           Power      Damage    Failure   Level
a - Summon Small Mammal   Summ           60%        N/A       3%          1
b - Call Imp              Summ           15%        N/A       5%          2

Your spell library contained the following spells:

 Spells                   Type           Power      Damage    Failure   Level
 Call Canine Familiar     Summ           15%        N/A       11%         3
 Summon Guardian Golem    Hex/Summ       8%         N/A       24%         3
 Summon Lightning Spire   Summ/Air       8%         N/A       63%         4


Dungeon Overview and Level Annotations

Branches:
Dungeon (1/15)

Altars:

Annotations:
D:2 Sigmund


Innate Abilities, Weirdness & Mutations

You have sharp claws.
You have razor-sharp teeth.
You have supernaturally acute eyesight. (SInv)
You cover ground quickly. (Speed+)
You are covered in fur. (AC +1)
Your paws help you pounce on unaware monsters.
You are incapable of wielding weapons or throwing items.
You cannot wear armour.
You gain extra lives every three experience levels.


Message History

You scratch the rat. Your bite misses the rat.
The rat is moderately wounded.
The rat misses you.
You swap places.
The rat barely misses your white imp.
Your white imp hits the rat.
The rat dies!
Magic restored.
You swap places.
You see here a rat corpse.
Sigmund the Dreaded comes into view.
He is wielding a +0 scythe and carrying a wand of roots (10).
Sigmund shouts!
Sigmund zaps a wand.
The roots erupt in riotous growth!
The grasping roots grab you! The grasping roots constrict you!
Ouch! That really hurt!
Your white imp gestures at Sigmund.
The puff of frost hits Sigmund.
You escape the roots grasp.
Casting: Call Imp (safe; 5% risk of failure)
Confirm with . or Enter, or press ? or * to list all spells.
Sigmund zaps a wand.
The roots erupt in riotous growth!
Roots grab your white imp. Roots grab your quokka.
Sigmund is unaffected.
The grasping roots grab you!
The grasping roots constrict your white imp.
The grasping roots constrict your quokka.
The grasping roots constrict you.
* * * LOW HITPOINT WARNING * * *
Your white imp gestures at Sigmund.
The puff of frost hits Sigmund!
The roots grasp on you weakens, but your attempt to escape fails.
Sigmund hits your white imp but does no damage.
The grasping roots constrict your white imp!
Your white imp dies!
Your white imp disappears in a puff of smoke!
The grasping roots constrict your quokka.
Your quokka dies!
Your quokka's corpse disappears in a puff of smoke!
The grasping roots constrict you.
You die...

## # ## ### #
### ##. #.#
###..##.#
........#
#..§..########
#..@§@##...).#
#####.##.###.#
#.##...#5#
#.######†#
#..5....(#
##########


You could see Sigmund (unaware).

Vanquished Creatures (collateral kills)
  A goblin (D:1)
  2 hobgoblins (D:1)
  2 kobolds (D:1)
  4 ball pythons (D:1)
  A frilled lizard (D:1)
  2 rats
12 creatures vanquished.

Notes
Turn   | Place    | Note
-------+----------+-------------------------------------------
     0 | D:1      | Garessta the Felid Summoner began the quest for the Orb.
     0 | D:1      | Reached XP level 1. HP: 7/7 MP: 4/4
   308 | D:1      | Reached XP level 2. HP: 11/11 MP: 1/6
   311 | D:1      | Learned a level 2 spell: Call Imp
   514 | D:1      | You fall into a shaft and drop 1 floor!
   551 | D:2      | Noticed Sigmund
   558 | D:2      | Constricted to death by Sigmund

Illustrated notes

Levels and vault maps discovered:
D:1:      matt_arrival_grand_opening, layout_basic,
          hellmonk_ecumenical_altar_blasted, minmay_shallow_snake_nest
D:2:      layout_basic, serial_shops, nicolae_shop_crystal, corner_web_ring,
          skrybe_limestone_x, ebering_dispersal_statue_hall,
          reono_crystal_passage, uniq_sigmund, uniq_crazy_yiuf_cottage

Action                   || total
-------------------------++-------
Melee: Unarmed           ||     1
 Cast: Summon Small Mamm ||    20
       Call Imp          ||     3
Armor: Skin              ||     1
Dodge: Dodged            ||     3

Table legend: (Time is in decaauts)
 A = Elapsed time spent in this place.
 B = Non-inter-level travel time spent in this place.
 C = Inter-level travel time spent in this place.
 D = Time resting spent in this place.
 E = Time spent auto-exploring this place.
 F = Levels seen in this place.
 G = Mean time per level.
                   A        B        C        D        E       F      G
               +--------+--------+--------+--------+--------+-----+--------+
         Total |    498 |    498 |      0 |      0 |    374 |   2 |  249.0 |
       Dungeon |    498 |    498 |      0 |      0 |    374 |   2 |  249.0 |
               +--------+--------+--------+--------+--------+-----+--------+

Top non-repeatable levels by time:
     D:1: 460 daAuts
     D:2: 37 daAuts
